 Dungeon Crawl Stone Soup version 0.30-a0-159-g068b764562 (webtiles) character file.

Game seed: 9028712729703453725

1166 qw the Chopper (level 8, -1/49 HPs)
             Began as a Gargoyle Fighter on Sept 27, 2022.
             Slain by a gnoll sergeant
             ... wielding a +5 vorpal spear
              (3 damage)
             ... on level 6 of the Dungeon.
             The game lasted 00:01:57 (5564 turns).

qw the Chopper (Gargoyle Fighter)                   Turns: 5564, Time: 00:01:57

Health: -1/49      AC: 20    Str: 22    XL:     8   Next: 40%
Magic:  8/8        EV: 12    Int:  9    God:
Gold:   3          SH:  4    Dex:  9    Spells: 7/7 levels left

rFire   . . .      SeeInvis .    Y - +5 war axe
rCold   . . .      Faith    .    c - +0 buckler
rNeg    + . .      Spirit   .    m - +0 chain mail
rPois   inf        Reflect  .    j - +0 helmet
rElec   +          Harm     .    (no cloak)
rCorr   .          Rampage  .    r - +2 pair of gloves
Will    .....                    n - +0 pair of boots
Stlth   ..........               (no amulet)
HPRegen 0.16/turn                l - +4 ring of evasion
MPRegen 0.11/turn                (no ring)

@: about to teleport
A: sickness immunity, AC +5, negative energy resistance 1, electricity
resistance, torment resistance 1, petrification resistance
a: no special abilities


You were on level 6 of the Dungeon.
You visited 1 branch of the dungeon, and saw 6 of its levels.

You collected 223 gold pieces.
You spent 220 gold pieces at shops.


Innate Abilities, Weirdness & Mutations

You are immune to sickness and miasma.
Your stone body is resilient. (AC +5)
You are immune to poison.
You resist negative energy. (rN+)
You are resistant to electric shocks. (rElec)
You are resistant to unholy torment.
You are immune to petrification.


   Skills:
 - Level 5.1 Fighting
 + Level 7.4 Axes
 - Level 2.0 Throwing
 - Level 4.4 Armour
 - Level 1.7 Dodging
 - Level 3.2 Shields


You had 7 spell levels left.
You didn't know any spells.
Your spell library was empty.

Inventory:

Hand Weapons
 b - a +0 flail
 h - the +4 whip of Efochuly {drain, Fragile rElec rF+ rN+}
   (You found it on level 2 of the Dungeon)

   A truly terrible weapon, it drains the life of any living foe it strikes.
   rF:        It protects you from fire.
   rElec:     It insulates you from electricity.
   rN:        It protects you from negative energy.
   Fragile:   It will be destroyed if unequipped.
 Y - a +5 war axe (weapon)
Missiles
 o - 3 javelins (quivered)
Armour
 c - a +0 buckler (worn)
 j - a +0 helmet (worn)
 m - a +0 chain mail (worn)
 n - a +0 pair of boots (worn)
 r - a +2 pair of gloves (worn)
Jewellery
 l - a +4 ring of evasion (left hand)
 v - a ring of resist corrosion
Scrolls
 g - 3 scrolls of identify
 p - a scroll of acquirement {unknown}
 w - a scroll of poison {unknown}
Potions
 a - a potion of cancellation
 d - a potion of might
 e - a potion of attraction
 f - a potion of resistance
 i - a potion of heal wounds
 k - 2 potions of haste
 q - a potion of lignification
 s - 3 potions of curing
 u - a potion of flight {unknown}

Dungeon Overview and Level Annotations

Branches:
Dungeon (6/15)
 Temple: D:4-7

Altars:
Gozag
Hepliaklqana
Trog
Wu Jian
Xom

Shops:
D:6 =


Message History

The gnoll shouts!
A gnoll comes into view. It is wielding a +0 spear.
The gnoll moves out of view.
A gnoll comes into view. It is wielding a +0 club.
Found 17 gold pieces.
The gnoll shouts!
The white imp gestures at you. The puff of frost hits you.
A gnoll sergeant comes into view. It is wielding a +5 vorpal spear.
The gnoll sergeant shouts!
You slash the gnoll!
You kill the gnoll!
The gnoll barely misses you. The gnoll barely misses you.
The gnoll sergeant hits you from afar with a +5 vorpal spear.
You slash the gnoll!
You kill the gnoll!
You completely miss the gnoll. The gnoll hits you but does no damage.
The gnoll sergeant closely misses you. The white imp gestures at you.
You block the puff of frost.
You slash the gnoll!
The gnoll is heavily wounded.
The gnoll hits you but does no damage.
The gnoll sergeant hits you but does no damage.
You slash the gnoll!
You kill the gnoll!
The gnoll sergeant hits you from afar with a +5 vorpal spear!
You barely miss the white imp. The gnoll sergeant barely misses you.
The white imp gestures at you. The puff of frost hits you!
The white imp hits you but does no damage.
The gnoll sergeant hits you from afar with a +5 vorpal spear!
5564 ||| READING scroll of teleportation.
As you read the scroll of teleportation, it crumbles to dust.
You feel strangely unstable. The white imp closely misses you.
The gnoll sergeant hits you from afar with a +5 vorpal spear!
You die...

##......#
#.......#
#....$..#
#.......# .
#......# ....
#...g..## ....
#.....).# .5...
#...)@5## ......
#....#..##......
##.####......# #
#...#### #.###
##.# #..# #.##
##.#


You could see a gnoll sergeant and a white imp.

Vanquished Creatures
  An ice beast (D:5)
  A black bear (D:5)
  2 ogres (D:5)
  A centaur (D:6)
  A phantom (D:5)
  A necrophage (D:4)
  A bullfrog (D:5)
  3 scorpions
  A hound (D:5)
  2 iguanas
  2 orc wizards
  Robin (D:2)
  3 gnolls (D:6)
  7 adders
  2 ufetubi
  2 worms
  11 orcs
  8 ball pythons
  10 bats
  4 endoplasms
  3 giant cockroaches
  14 goblins
  10 hobgoblins
  2 jackals (D:2)
  2 quokkas (D:2)
  6 frilled lizards
  10 kobolds
  2 rats
113 creatures vanquished.

Vanquished Creatures (others)
  A fungus (D:1)
  A plant (D:5)
2 creatures vanquished.

Grand Total: 115 creatures vanquished

Notes
Turn   | Place    | Note
-------+----------+-------------------------------------------
     0 | D:1      | qw the Gargoyle Fighter began the quest for the Orb.
     0 | D:1      | Reached XP level 1. HP: 14/14 MP: 1/1
     0 | D:1      | 0 ||| qw: Version: 0.2-a-10-g37ed214
     0 | D:1      | 0 ||| qw: Game counter: 561
     0 | D:1      | 0 ||| qw: Always use a shield: true
     0 | D:1      | 0 ||| qw: God list: Okawaru
     0 | D:1      | 0 ||| qw: Allow faded altars: false
     0 | D:1      | 0 ||| qw: Do Orc after D:15 true
     0 | D:1      | 0 ||| qw: Do second Lair branch before Depths: true
     0 | D:1      | 0 ||| qw: Lair rune preference: random
     0 | D:1      | 0 ||| qw: Plans: Normal, Zot:1-4, God:TSO, Crypt, Tomb,
                  | Pan, Slime:5, Hells, Abyss, Orb
     0 | D:1      | 0 ||| PLANNING D:1-11
    12 | D:1      | 12 ||| Stepping ~*~*~tactically~*~*~ (stealth).
    20 | D:1      | Reached skill level 2 in Axes
   192 | D:1      | 192 ||| DROPPING +0 club.
   307 | D:1      | Reached XP level 2. HP: 19/19 MP: 2/2
   649 | D:1      | Found a faded altar of an unknown god.
   876 | D:1      | 876 ||| READING 5 scrolls labelled JUANUHUWIKH.
   879 | D:1      | 879 ||| READING 3 scrolls labelled GAZISU IDAWN.
   880 | D:1      | 880 ||| READING scroll labelled SARAUQ ILEDUS.
   881 | D:1      | 881 ||| DRINKING 2 sedimented clear potions.
   882 | D:1      | 882 ||| READING 2 scrolls of identify.
   882 | D:1      | 882 ||| IDENTIFYING cyan potion
   957 | D:2      | 957 ||| FLEEEEING.
   958 | D:2      | 958 ||| FLEEEEING.
   959 | D:2      | 959 ||| FLEEEEING.
   961 | D:2      | 961 ||| STAIRDANCE
  1092 | D:2      | Reached skill level 3 in Axes
  1092 | D:2      | Reached XP level 3. HP: 16/23 MP: 3/3
  1248 | D:2      | Noticed Robin
  1249 | D:2      | 1249 ||| READING scroll labelled UGUOQEMYER.
  1250 | D:2      | 1250 ||| DRINKING 2 bubbling brown potions.
  1251 | D:2      | 1251 ||| READING 2 scrolls of identify.
  1251 | D:2      | 1251 ||| IDENTIFYING smoky white potion
  1273 | D:2      | HP: 4/23 [hobgoblin[Robin] (2)]
  1274 | D:2      | 1274 ||| READING 4 scrolls of teleportation.
  1275 | D:2      | 1275 ||| DRINKING potion of heal wounds.
  1329 | D:2      | 1329 ||| READING 3 scrolls of teleportation.
  1473 | D:2      | Reached XP level 4. HP: 24/28 MP: 4/4
  1535 | D:2      | Identified the +4 whip of Efochuly {drain, Fragile rElec
                  | rF+ rN+}
  1586 | D:2      | 1586 ||| Stepping ~*~*~tactically~*~*~ (stealth).
  1639 | D:2      | 1639 ||| Stepping ~*~*~tactically~*~*~ (stealth).
  1787 | D:2      | 1787 ||| READING 2 scrolls of identify.
  1787 | D:2      | 1787 ||| IDENTIFYING sapphire potion
  1788 | D:2      | 1788 ||| READING 3 scrolls of teleportation.
  1830 | D:2      | 1830 ||| READING 2 scrolls of teleportation.
  1872 | D:2      | 1872 ||| Stepping ~*~*~tactically~*~*~ (hiding).
  1875 | D:2      | Reached skill level 4 in Axes
  1877 | D:2      | 1877 ||| DRINKING potion of curing.
  1877 | D:2      | 1877 ||| (to cure confusion)
  1880 | D:2      | Killed Robin
  2042 | D:2      | 2042 ||| UPGRADING to +0 helmet.
  2057 | D:2      | 2057 ||| READING 2 scrolls of identify.
  2057 | D:2      | 2057 ||| IDENTIFYING golden potion
  2058 | D:2      | 2058 ||| DROPPING potion of degeneration.
  2059 | D:2      | 2059 ||| READING scroll of teleportation.
  2078 | D:2      | 2078 ||| Stepping ~*~*~tactically~*~*~ (stealth).
  2164 | D:3      | 2164 ||| STAIRDANCE
  2200 | D:3      | Found a shimmering altar of Xom.
  2209 | D:3      | Found an ornate altar of the Wu Jian Council.
  2209 | D:3      | Found an opulent altar of Gozag.
  2210 | D:3      | Found a hazy altar of Hepliaklqana.
  2312 | D:3      | 2312 ||| Stepping ~*~*~tactically~*~*~ (stealth).
  2315 | D:3      | 2315 ||| Stepping ~*~*~tactically~*~*~ (stealth).
  2345 | D:3      | 2345 ||| Stepping ~*~*~tactically~*~*~ (hiding).
  2347 | D:3      | 2347 ||| Stepping ~*~*~tactically~*~*~ (hiding).
  2350 | D:3      | 2350 ||| Stepping ~*~*~tactically~*~*~ (hiding).
  2704 | D:3      | 2704 ||| Stepping ~*~*~tactically~*~*~ (stealth).
  2714 | D:3      | Reached XP level 5. HP: 29/32 MP: 5/5
  2888 | D:3      | 2888 ||| UPGRADING to +0 chain mail.
  2898 | D:3      | 2898 ||| DROPPING +0 scale mail.
  2899 | D:3      | 2899 ||| UPGRADING to +2 pair of gloves.
  2904 | D:3      | 2904 ||| UPGRADING to +4 ring of evasion.
  2905 | D:3      | 2905 ||| READING scroll labelled HYCEAMMUXOK.
  2906 | D:3      | 2906 ||| READING scroll labelled PAIWNACH GINI.
  2907 | D:3      | 2907 ||| READING scroll labelled JUORUTOAST.
  2908 | D:3      | 2908 ||| DRINKING 2 bubbling ruby potions.
  2956 | D:3      | 2956 ||| READING 2 scrolls of identify.
  2956 | D:3      | 2956 ||| IDENTIFYING yellow potion
  2957 | D:3      | 2957 ||| DROPPING potion of berserk rage.
  3035 | D:4      | 3035 ||| READING 3 scrolls of enchant weapon.
  3035 | D:4      | 3035 ||| ENCHANTING +1 war axe.
  3036 | D:4      | 3036 ||| READING 2 scrolls of enchant weapon.
  3036 | D:4      | 3036 ||| ENCHANTING +2 war axe.
  3037 | D:4      | 3037 ||| READING scroll of enchant weapon.
  3037 | D:4      | 3037 ||| ENCHANTING +3 war axe.
  3253 | D:4      | 3253 ||| Stepping ~*~*~tactically~*~*~ (stealth).
  3254 | D:4      | 3254 ||| Stepping ~*~*~tactically~*~*~ (stealth).
  3257 | D:4      | 3257 ||| Stepping ~*~*~tactically~*~*~ (stealth).
  3267 | D:4      | 3267 ||| Stepping ~*~*~tactically~*~*~ (stealth).
  3282 | D:4      | Reached skill level 5 in Axes
  3356 | D:4      | 3356 ||| DROPPING +0 whip.
  3361 | D:4      | 3361 ||| DROPPING +1 mace of protection.
  3616 | D:4      | Reached XP level 6. HP: 36/37 MP: 6/6
  3732 | D:4      | Found Xiuckozu's Distillery.
  3875 | D:4      | 3875 ||| READING scroll labelled GOEWOMMUODD.
  3876 | D:4      | 3876 ||| READING scroll labelled HUDIGOR ZISH.
  3937 | D:4      | 3937 ||| READING 4 scrolls of identify.
  3937 | D:4      | 3937 ||| IDENTIFYING glowing sapphire potion
  3938 | D:4      | 3938 ||| DROPPING potion of invisibility.
  3954 | D:5      | Entered Level 5 of the Dungeon
  3963 | D:5      | Found a bloodstained altar of Trog.
  4015 | D:5      | Noticed an ice beast
  4026 | D:5      | Killed an ice beast
  4027 | D:5      | Reached skill level 6 in Axes
  4027 | D:5      | Reached XP level 7. HP: 26/43 MP: 7/7
  4130 | D:5      | 4130 ||| Stepping ~*~*~tactically~*~*~ (stealth).
  4153 | D:5      | 4153 ||| READING scroll of enchant weapon.
  4153 | D:5      | 4153 ||| ENCHANTING +4 war axe.
  4252 | D:5      | 4252 ||| Stepping ~*~*~tactically~*~*~ (stealth).
  4254 | D:5      | 4254 ||| Stepping ~*~*~tactically~*~*~ (hiding).
  4267 | D:5      | Reached skill level 1 in Dodging
  4744 | D:5      | Reached skill level 7 in Axes
  4744 | D:5      | Reached XP level 8. HP: 48/48 MP: 8/8
  5128 | D:5      | 5128 ||| UPGRADING to +0 pair of boots.
  5133 | D:5      | 5133 ||| READING 3 scrolls of identify.
  5133 | D:5      | 5133 ||| IDENTIFYING bubbling blue potion
  5134 | D:5      | 5134 ||| READING 2 scrolls of identify.
  5134 | D:5      | 5134 ||| IDENTIFYING murky orange potion
  5135 | D:5      | 5135 ||| DROPPING potion of ambrosia.
  5188 | D:6      | 5188 ||| PLANNING OSSUARY
  5469 | D:6      | Found Tirulonk's Jewellery Shoppe.
  5475 | D:6      | 5475 ||| SHOPLISTING +4 ring of protection (396 gold, have
                  | 223).
  5475 | D:6      | 5475 ||| SHOPLISTING amulet of reflection (330 gold, have
                  | 223).
  5475 | D:6      | 5475 ||| SHOPLISTING amulet of the acrobat (330 gold, have
                  | 223).
  5475 | D:6      | 5475 ||| SHOPLISTING ring "Evvol" {rF+ rC+ Will+ Str+5
                  | Dex+4} (698 gold, have 223).
  5475 | D:6      | 5475 ||| SHOPLISTING ring of protection from cold (275
                  | gold, have 223).
  5475 | D:6      | 5475 ||| BUYING ring of resist corrosion (220 gold).
  5475 | D:6      | Bought a ring of resist corrosion for 220 gold pieces
  5554 | D:6      | 5554 ||| Stepping ~*~*~tactically~*~*~ (hiding).
  5563 | D:6      | HP: 12/49 [gnoll sergeant/+5 vorpal spear (1)]
  5564 | D:6      | 5564 ||| READING scroll of teleportation.
  5564 | D:6      | HP: 2/49 [gnoll sergeant/+5 vorpal spear (10)]
  5564 | D:6      | Slain by a gnoll sergeant

Levels and vault maps discovered:
D:1:      lemuel_arrival_broad_hall, layout_basic,
          shapermc_ecumenical_altar_rom_forum
D:2:      layout_loops_ring, nicolae_concentric_dashed_squares_mild, uniq_robin
D:3:      minmay_skewed_foursquare, layout_rooms, grunt_temple_overflow_open,
          minmay_diced_spiral
D:4:      layout_basic, nicolae_stop_n_shop_1
D:5:      black_bear_nest_1, layout_layer_cave, trog_book, corexii_shack,
          dk_noncrumbling_3
D:6:      layout_cave_pods, serial_shops, shop, nicolae_ossuary_entry_plus

Skill      XL: |  1  2  3  4  5  6  7  8 |
---------------+-------------------------+-----
Axes           | 2 3 4 5 6 7 |  7.4
Throwing       | 2 |  2.0
Fighting       | 4 5 |  5.1
Dodging        | 1 |  1.7
Armour         | 4 |  4.4
Shields        | |  3.2

Action                   |  1- 3 |  4- 6 |  7- 9 || total
-------------------------+-------+-------+-------++-------
Melee: War axe           |    87 |   189 |    41 ||   317
Throw: Javelin           |       |    11 |    24 ||    35
  Use: Scroll            |     8 |    15 |     4 ||    27
       Potion            |     3 |     2 |       ||     5
Armor: Scale mail        |    53 |    76 |       ||   129
       Chain mail        |       |    40 |    33 ||    73
Dodge: Dodged            |    37 |    81 |    23 ||   141
Block: Buckler           |    15 |    34 |     7 ||    56

Table legend:
 A = Non-vault XP
 B = Vault XP
 C = Vault XP percentage of total XP
 D = Non-vault monster count
 E = Vault monster count
 F = Vault count percentage of total count
                 A         B        C        D         E       F
            +---------+---------+-------+---------+---------+-------
      Total |    1481 |     186 |  11.2 |      92 |      21 |  18.6
            +---------+---------+-------+---------+---------+-------
        D:1 |      20 |       0 |   0.0 |      13 |       0 |   0.0
        D:2 |      64 |      37 |  36.6 |      23 |      12 |  34.3
        D:3 |      38 |      14 |  26.9 |      15 |       7 |  31.8
        D:4 |     296 |       0 |   0.0 |      18 |       0 |   0.0
        D:5 |     821 |     135 |  14.1 |      15 |       2 |  11.8
        D:6 |     242 |       0 |   0.0 |       8 |       0 |   0.0
            +---------+---------+-------+---------+---------+-------
